AoeStats
← Kaer Morhen

African Clearing

510562258Analyzed
4v4 RM · 8h ago on Oct 1, 2026· 57m 4s· 8 players
Game mode
Random Map
Map size
Large (8 player)
Population
200
Speed
Normal
Resources
Standard
Victory
Conquest
Starting age
Dark Age
Ending age
Imperial Age
RankedLock teamsTeams togetherTeam positionsShared explorationLock speedFull tech treeHidden civsTurbo modeCheats
Victory
Defeat
🇲🇾 Celts · Malaysia
1321
+17
🇹🇷 Mongols · Türkiye
1308
+17
🇹🇼 Vietnamese · Taiwan
1295
+18
🇨🇴 Malay · Colombia
1275
+19
🇭🇰 Chinese · Hong Kong SAR China
1538
-26
🇨🇿 Saracens · Czechia
1331
-18
🇨🇿 Koreans · Czechia
1279
-15
🇨🇿 Huns · Czechia
1205
-12
J43SMALL
12:46 Feudal Age
16:33 Castle Age
15:26 Double-Bit Axe
16:39 Loom
17:39 Fletching
30:08 Scale Mail Armor
30:18 Forging
30:20 Bow Saw
29:52 Horse Collar
32:42 Padded Archer Armor
43:16 Wheelbarrow
43:50 Wheelbarrow
45:32 Hand Cart
45:22 Heavy Plow
49:35 Town Watch
56:58 Imperial Age
55:13 Pikeman
56:10 Chain Mail Armor
Chancellor Lizard
3:02 Loom
13:54 Feudal Age
18:48 Castle Age
16:52 Stone Mining
16:53 Double-Bit Axe
20:52 Fletching
22:21 Bodkin Arrow
25:07 Horse Collar
27:04 Arson
28:04 Forging
30:59 Bow Saw
30:55 Gold Mining
31:40 Stone Shaft Mining
32:16 Wheelbarrow
33:00 Heavy Plow
33:38 Hand Cart
36:19 Imperial Age
33:23 Elite Skirmisher
33:55 Town Watch
34:17 Padded Archer Armor
34:16 Crossbowman
35:43 Gold Shaft Mining
35:56 Leather Archer Armor
36:04 Ballistics
36:10 Bracer
36:29 Leather Archer Armor
36:32 Thumb Ring
35:50 Arbalester
38:30 Chemistry
41:03 Siege Engineers
42:29 Thumb Ring
43:55 Coinage
45:16 Banking
45:10 Masonry
44:55 Murder Holes
46:06 Ring Archer Armor
50:14 Imperial Skirmisher
52:51 Treadmill Crane
54:20 Conscription
長安
5:28 Loom
13:06 Feudal Age
14:23 Double-Bit Axe
15:14 Man-at-Arms
21:31 Castle Age
19:55 Fletching
21:10 Gold Mining
21:30 Horse Collar
22:58 Bow Saw
23:23 Town Watch
25:39 Wheelbarrow
35:09 Imperial Age
33:35 Ballistics
34:58 Hand Cart
37:11 Chemistry
35:58 Heavy Scorpion
36:53 Capped Ram
38:44 Siege Ram
40:21 Furor Celtica
41:31 Bodkin Arrow
45:42 Siege Engineers
45:49 Masonry
47:07 Scale Mail Armor
47:18 Forging
47:16 Caravan
48:41 Gold Shaft Mining
47:56 Stone Mining
53:10 Scale Barding Armor
56:54 Coinage
56:30 Arson
57:32 Iron Casting
57:14 Chain Mail Armor
56:28 Pikeman
Exellence
5:12 Loom
14:16 Feudal Age
15:45 Double-Bit Axe
16:15 Fletching
16:27 Padded Archer Armor
19:06 Castle Age
18:02 Gold Mining
19:51 Bodkin Arrow
20:21 Leather Archer Armor
21:20 Ballistics
28:44 Bow Saw
29:53 Thumb Ring
31:30 Bloodlines
31:21 Husbandry
33:30 Horse Collar
34:45 Wheelbarrow
33:57 Town Watch
34:17 Heavy Plow
38:55 Imperial Age
37:17 Hand Cart
37:57 Gold Shaft Mining
39:07 Scale Barding Armor
39:13 Forging
38:56 Light Cavalry
40:03 Drill
40:04 Conscription
39:32 Heavy Scorpion
41:47 Chemistry
41:30 Siege Engineers
42:51 Hussar
43:54 Chain Barding Armor
44:03 Bracer
44:39 Capped Ram
45:37 Siege Ram
47:01 Parthian Tactics
45:56 Heavy Cavalry Archer
47:36 Iron Casting
48:45 Masonry
50:10 Blast Furnace
pavifa
10:22 Loom
16:08 Feudal Age
20:01 Castle Age
17:44 Fishing Lines
18:20 Double-Bit Axe
20:54 Scale Barding Armor
21:35 Bow Saw
22:38 Forging
24:33 Gillnets
26:25 Wheelbarrow
28:46 Chain Barding Armor
28:29 Husbandry
29:49 Bloodlines
35:14 Hand Cart
38:12 Town Watch
39:39 Town Patrol
43:09 Imperial Age
41:47 Iron Casting
41:19 Gold Mining
41:37 Stone Mining
41:31 Horse Collar
42:35 Marauders
49:14 Blast Furnace
48:50 Plate Barding Armor
48:29 Guilds
50:07 Cavalier
50:54 Caravan
51:57 Fletching
52:01 Paladin
53:49 Bodkin Arrow
56:16 Plate Barding Armor
55:55 Sappers
56:06 Pikeman
56:48 Murder Holes
Kaer Morhen
3:40 Loom
15:52 Feudal Age
25:03 Wheelbarrow
26:56 Castle Age
26:37 Double-Bit Axe
32:33 Horse Collar
38:31 Bow Saw
46:43 Bloodlines
46:33 Husbandry
49:09 Imperial Age
47:40 Hand Cart
47:11 Town Watch
48:46 Ballistics
49:41 Scale Barding Armor
49:47 Forging
50:56 Conscription
51:00 Caravan
51:47 Onager
53:44 Two-Man Saw
52:50 Heavy Camel Rider
53:53 Chain Barding Armor
56:28 Iron Casting
56:29 Plate Barding Armor
57:12 Siege Engineers
Tonix
10:31 Loom
12:36 Feudal Age
13:46 Double-Bit Axe
19:50 Fletching
21:30 Wheelbarrow
25:37 Castle Age
26:16 Bodkin Arrow
25:43 Crossbowman
26:30 Thumb Ring
28:35 Bow Saw
32:21 Ballistics
33:05 Horse Collar
38:10 Imperial Age
38:51 Bracer
41:41 Arbalester
44:42 Chemistry
45:03 Hand Cart
45:33 Elite War Wagon
51:27 Husbandry
53:52 Gold Mining
53:53 Stone Mining
54:15 Heavy Rocket Cart
55:38 Shinkichon
kenny yip
3:13 Loom
12:24 Feudal Age
16:29 Castle Age
14:32 Double-Bit Axe
17:26 Bow Saw
19:04 Horse Collar
22:19 Fletching
26:41 Padded Archer Armor
26:58 Town Watch
27:16 Bodkin Arrow
28:13 Leather Archer Armor
30:11 Ballistics
30:45 Wheelbarrow
33:39 Imperial Age
31:20 Squires
31:46 Scale Mail Armor
31:56 Forging
32:06 Gold Mining
32:38 Stone Mining
33:32 Chain Mail Armor
33:27 Forging
33:42 Forging
34:53 Plate Mail Armor
33:52 Capped Ram
34:55 Elite Fire Lancer
37:43 Iron Casting
37:09 Siege Ram
41:08 Blast Furnace
40:26 Bracer
43:49 Chemistry
43:34 Ring Archer Armor
43:22 Scale Barding Armor
42:45 Heavy Scorpion
43:35 Cavalier
44:15 Husbandry
44:26 Bloodlines
45:17 Hand Cart
46:03 Chain Barding Armor
46:11 Conscription
46:43 Bloodlines
50:17 Coinage
50:25 Plate Barding Armor
49:32 Light Cavalry
50:58 Gold Shaft Mining
50:58 Stone Shaft Mining
55:52 Two-Man Saw
Connection lost

Rejoining the realm…

Still unreachable

The connection could not be restored.

Session expired

The server has moved on; the page needs a fresh start.